AoeStats
← ThunderboltX

Arabia

509970499Analyzed
1v1 RM · 3d ago on Sep 28, 2026· 51m 55s· 2 players
Game mode
Random Map
Map size
Tiny (2 player)
Population
200
Speed
Normal
Resources
Standard
Victory
Conquest
Starting age
Dark Age
Ending age
Imperial Age
RankedLock teamsTeams togetherTeam positionsShared explorationLock speedFull tech treeHidden civsTurbo modeCheats
Victory
Defeat
🇧🇬 Persians · Bulgaria
2348
+6
🇩🇴 Tupi · Dominican Republic
2076
-6
ThunderboltX
3:47 Loom
9:46 Feudal Age
10:53 Double-Bit Axe
15:06 Fletching
16:04 Padded Archer Armor
17:49 Horse Collar
20:10 Scale Barding Armor
21:36 Bloodlines
26:57 Castle Age
25:32 Forging
27:46 Chain Barding Armor
28:30 Bow Saw
29:18 Bodkin Arrow
30:51 Wheelbarrow
29:43 Elite Skirmisher
32:06 Gold Mining
31:52 Light Cavalry
33:02 Husbandry
34:17 Ballistics
34:40 Leather Archer Armor
39:29 Imperial Age
38:35 Iron Casting
38:30 Town Watch
39:05 Heavy Plow
39:07 Cavalier
41:11 Chemistry
41:03 Ring Archer Armor
40:12 Crossbowman
41:52 Plate Barding Armor
41:28 Stone Mining
43:33 Savar
46:06 Blast Furnace
46:33 Gold Shaft Mining
46:33 Stone Shaft Mining
47:11 Hand Cart
49:37 Guilds
50:14 Crop Rotation
50:12 Hussar
52:57 Two-Man Saw
52:27 Conscription
RD | Lina
6:35 Loom
7:27 Loom
9:35 Feudal Age
9:46 Champi Runner
10:14 Double-Bit Axe
15:05 Fletching
16:27 Padded Archer Armor
22:48 Castle Age
21:46 Gold Mining
21:37 Horse Collar
22:50 Elite Skirmisher
23:26 Bodkin Arrow
25:16 Ballistics
25:34 Bow Saw
26:01 Crossbowman
26:27 Crossbowman
28:21 Leather Archer Armor
31:18 Wheelbarrow
33:47 Hand Cart
39:22 Imperial Age
38:00 Town Watch
37:45 Pikeman
38:26 Squires
39:19 Scale Mail Armor
39:27 Halberdier
41:22 Chain Mail Armor
41:29 Champi Warrior
43:43 Conscription
44:11 Plate Mail Armor
43:35 Elite Champi Warrior
45:21 Forging
48:28 Heavy Plow
51:20 Iron Casting
51:02 Bracer
Connection lost

Rejoining the realm…

Still unreachable

The connection could not be restored.

Session expired

The server has moved on; the page needs a fresh start.